 Dungeon Crawl Stone Soup version 0.28.0-53-g5a82cb258f (webtiles) character file.

Game seed: 5491971845892641346

63 Zeld the Magician (level 3, 0/19 HPs)
             Began as a Deep Elf Fire Elementalist on May 22, 2022.
             Succumbed to an adder's poison
             ... on level 2 of the Dungeon.
             The game lasted 00:01:59 (2945 turns).

Zeld the Magician (Deep Elf Fire Elementalist)      Turns: 2945, Time: 00:02:00

Health: 0/19       AC:  2    Str:  5    XL:     3   Next: 87%
Magic:  10/10      EV: 13    Int: 21    God:
Gold:   85         SH:  0    Dex: 15    Spells: 4/10 levels left

rFire   . . .      SeeInvis .   (no weapon)
rCold   . . .      Faith    .   (no shield)
rNeg    . . .      Spirit   .   a - +0 robe
rPois   .          Reflect  .   (no helmet)
rElec   .          Harm     .   (no cloak)
rCorr   .          Rampage  .   (no gloves)
Will    .....                   (no boots)
Stlth   ++........              (no amulet)
HPRegen 0.06/turn               (no ring)
MPRegen 0.12/turn               (no ring)

@: lethally poisoned (0 -> -1)
A: no striking features
a: no special abilities


You were on level 2 of the Dungeon.
You visited 1 branch of the dungeon, and saw 3 of its levels.

You collected 85 gold pieces.

Inventory:

Armour
 a - a +0 robe (worn)
Scrolls
 c - a scroll of identify {unknown}
 e - a scroll of teleportation {unknown}
 g - a scroll of blinking {unknown}
Potions
 b - a potion of heal wounds {unknown}
 d - a potion of attraction {unknown}
 f - a potion of curing {unknown}
 h - a potion of magic {unknown}


   Skills:
 + Level 3.0 Dodging
 - Level 2.4 Stealth
 * Level 4.1 Spellcasting
 + Level 2.0 Conjurations
 * Level 4.1 Fire Magic


You had 4 spell levels left.
You knew the following spells:

 Your Spells              Type           Power      Damage    Failure   Level
a - Foxfire               Conj/Fire      68%        2x1d7     3%          1
b - Scorch                Fire           42%        2d7       3%          2
c - Inner Flame           Hex/Fire       12%        N/A       16%         3

Your spell library contained the following spells:

 Spells                   Type           Power      Damage    Failure   Level
 Conjure Flame            Conj/Fire      17%        6-21      10%         3
 Beastly Appendage        Tmut           8%         N/A       12%         1
 Wereblood                Tmut           4%         N/A       19%         2
 Flame Wave               Conj/Fire      17%        2d6       32%         4
 Spider Form              Tmut/Pois      4%         N/A       34%         3


Dungeon Overview and Level Annotations

Branches:
Dungeon (3/15)

Altars:


Message History

An ogre is nearby!
An ogre is nearby!
An ogre is nearby!
An ogre is nearby!
The ogre shouts!
Casting: Scorch (safe; 3% risk of failure)
Confirm with . or Enter, or press ? or * to list all spells.
Flames lash the ogre.
The ogre is lightly wounded.
The ogre's fire resistance burns away.
The ogre is no longer more vulnerable to fire.
Found 19 stones.
The ogre barely misses you.
Found 11 gold pieces.
An adder comes into view.
The adder moves out of view.
The adder hisses angrily.
You see here 11 gold pieces.
An adder comes into view.
The adder hisses angrily.
You hear an angry hiss.
A ball python comes into view.
A frilled lizard comes into view.
Found a stone staircase leading up.
Found a scroll labelled YSHREY MIUCAOQI.
There is a stone staircase leading up here.
The ogre hits you with a +0 giant club!
Ouch! That really hurt!
The adder misses you.
You climb upwards.
There is a stone staircase leading down here.
The adder bites you.
You are poisoned.
The adder poisons you!
You feel sick.
You feel sick. The adder bites you.
* * * LOW HITPOINT WARNING * * *
* * * LOW HITPOINT WARNING * * *
You feel sick.
* * * LOW HITPOINT WARNING * * *
You feel sick.
You die...

#######.## #####.###
#........# #...#.#
#........# #...#.#
#........#####...#.#
#........##.##...#.###
#######.###..'........
#.# #.##...#....
#######O###......#.###
#....@.S..............
#.#####....>..........
#.#########...........
#.#.......#.##....##.#
#.#..>....#.##....##.#
#.'.......+.......##.#
###.......####....##.#
##.#'#### #....##.#
#.#.# #....##..


You could see an ogre and an adder.

Vanquished Creatures
  An adder (D:2)
  A worm (D:2)
  A dart slug (D:2)
  4 endoplasms
  4 giant cockroaches
  2 goblins
  6 hobgoblins
  4 jackals (D:2)
  7 kobolds
  3 quokkas (D:1)
  3 ball pythons
  A bat (D:2)
  3 frilled lizards (D:1)
  4 rats
44 creatures vanquished.

Vanquished Creatures (others)
  17 foxfires
17 creatures vanquished.

Grand Total: 61 creatures vanquished

Notes
Turn   | Place    | Note
-------+----------+-------------------------------------------
     0 | D:1      | Zeld the Deep Elf Fire Elementalist began the quest for the
                  | Orb.
     0 | D:1      | Reached XP level 1. HP: 10/10 MP: 6/6
   142 | D:1      | Reached XP level 2. HP: 15/15 MP: 4/8
   145 | D:1      | Learned a level 2 spell: Scorch
  1476 | D:2      | Reached XP level 3. HP: 19/19 MP: 2/10
  1480 | D:2      | Learned a level 3 spell: Inner Flame
  1803 | D:2      | Found a faded altar of an unknown god.
  2907 | D:3      | Noticed an ogre
  2945 | D:2      | Succumbed to an adder's poison

Illustrated notes

Levels and vault maps discovered:
D:1:      minmay_arrival_doors, layout_loops_corners, st_stairs_13,
          minmay_misc_feat_doors
D:2:      layout_basic, hellmonk_ecumenical_altar_crossroads
D:3:      wander_river, layout_basic, minmay_misc_feat_room, uniq_terence

Skill      XL: |  1  2  3 |
---------------+----------+-----
Fire Magic     | 4 |  4.1
Spellcasting   | 4 |  4.1
Dodging        | 3 |  3.0
Conjurations   | 2 |  2.0
Stealth        | |  2.4

Action                   || total
-------------------------++-------
Melee: Unarmed           ||    32
       Punch             ||     1
 Cast: Foxfire           ||    11
       Scorch            ||    43
Armor: Robe              ||    12
Dodge: Dodged            ||    47
